 Dungeon Crawl Stone Soup version 0.23.2-40-g277498a001 (webtiles) character file.

Game seed: 11396881170024507597

334348 Name63 the Tortoise (level 21, -3/166 HPs)
             Began as a Gnoll Wanderer on Aug 24, 2019.
             Was the Champion of Cheibriados.
             Killed from afar by Amnahuz the Cloud Mage (22 damage)
             ... with a tornado
             ... in a wizard's laboratory on Aug 25, 2019.
             The game lasted 05:22:26 (52858 turns).

Name63 the Tortoise (Gnoll Wanderer)               Turns: 52858, Time: 05:22:27

Health: -3/166     AC: 25    Str: 28    XL:     21   Next: 84%
Magic:  27/39      EV: 24    Int: 42    God:    Cheibriados [******]
Gold:   4432       SH: 12    Dex: 33    Spells: 3/48 levels left

rFire    + . .     SeeInvis +   c - +7 demon trident (freeze)
rCold    + . .     Gourm    .   m - +2 buckler
rNeg     + . .     Faith    .   j - +0 chain mail {MR+}
rPois    .         Spirit   .   K - +2 helmet of Yrengae {rC+ rN+}
rElec    +         Reflect  .   O - scarf {cloud immunity}
rCorr    .         Harm     .   S - +0 pair of gloves
MR       ++...                  y - +1 pair of boots
Stlth    ++++......             E - amulet "Rokkoula" {RegenMP rElec rF+ Int+4}
HPRegen  0.37/turn              k - +4 ring of protection
MPRegen  0.51/turn              f - ring of see invisible

@: confusing touch, about to teleport, flying (expiring), studying Ice Magic,
very slow
A: distributed training, fangs 1, strong nose
}: 2/15 runes: serpentine, barnacled
a: Bend Time, Temporal Distortion, Slouch, Step From Time, Renounce Religion


You were in a wizard's laboratory.
You worshipped Cheibriados.
Cheibriados was exalted by your worship.
You were hungry.

You visited 9 branches of the dungeon, and saw 38 of its levels.
You also visited: Ice Cave, Volcano and Wizlab.

You collected 4432 gold pieces.

Inventory:

Hand Weapons
 a - the +6 whip of Insufficient Pleasure {freeze, rC++ Stlth+}
   (You found it on level 6 of the Dungeon)

   It has been specially enchanted to freeze those struck by it, causing extra
   injury to most foes and up to half again as much damage against particularly
   susceptible opponents.
   It can also slow down cold-blooded creatures.
   It greatly protects you from cold.
   It makes you more stealthy.
 b - a +0 fustibalus
 c - a +7 demon trident of freezing (weapon)
 w - a +5 dagger
Missiles
 r - 127 bolts
 M - 339 sling bullets
 W - 90 arrows
Armour
 j - a +0 chain mail of magic resistance (worn)
 m - a +2 buckler (worn)
 q - the +2 cloak of Snakes and Ladders {rPois rCorr Dex+2}
   (You found it on level 5 of the Dungeon)

   It affects your dexterity (+2).
   It protects you from poison.
   It provides partial protection from all sources of acid and corrosion.
 y - a +1 pair of boots (worn)
 C - a scarf of repulsion
 K - the +2 helmet of Yrengae (worn) {rC+ rN+}
   (You found it on level 2 of the Snake Pit)

   It protects you from cold.
   It protects you from negative energy.
 N - the +2 hat of the Tuna {rPois MR+}
   (You found it on level 6 of the Lair of Beasts)

   It protects you from poison.
   It affects your resistance to hostile enchantments.
 O - a scarf of cloud immunity (worn)
 S - a +0 pair of gloves (worn)
Jewellery
 f - a ring of see invisible (right hand)
 k - a +4 ring of protection (left hand)
 l - an uncursed ring of stealth
 E - the amulet "Rokkoula" (around neck) {RegenMP rElec rF+ Int+4}
   (You took it off a deep elf demonologist on level 1 of the Elven Halls)

   [amulet of magic regeneration]

   It increases your magic regeneration.
   It affects your intelligence (+4).
   It protects you from fire.
   It insulates you from electricity.
 Q - an uncursed ring of protection from fire
Wands
 n - a wand of polymorph (26)
 u - a wand of scattershot (5)
 B - a wand of paralysis (18)
 J - a wand of disintegration (9)
 X - a wand of acid (6)
 Y - a wand of clouds (4)
Scrolls
 d - 3 scrolls of summoning
 p - 3 scrolls of blinking
 s - a scroll of silence
 v - 3 scrolls of teleportation
 z - 4 scrolls of magic mapping
 H - 10 scrolls of fear
 T - 6 scrolls of immolation
 V - 5 scrolls of fog
Potions
 e - 19 potions of curing
 i - a potion of resistance
 G - 2 potions of might
 I - 4 potions of invisibility
 L - 5 potions of agility
 U - 2 potions of cancellation
Books
 D - a manual of Ice Magic
 F - a manual of Ice Magic
Miscellaneous
 h - a crystal ball of energy
 o - a box of beasts
 t - a fan of gales
 x - a phial of floods
 P - a sack of spiders
Comestibles
 g - 63 rations
 A - 2 chunks of flesh


   Skills:
 + Level 14.6 Fighting
 + Level 14.0 Short Blades
 + Level 14.0 Long Blades
 + Level 14.0 Axes
 + Level 14.0 Maces & Flails
 + Level 14.0 Polearms
 + Level 14.0 Staves
 + Level 14.0 Slings
 + Level 14.0 Bows
 + Level 14.0 Crossbows
 + Level 14.0 Throwing
 + Level 15.8 Armour
 + Level 14.2 Dodging
 + Level 14.5 Stealth
 + Level 14.2 Shields
 + Level 14.0 Unarmed Combat
 + Level 14.0 Spellcasting
 + Level 12.0 Conjurations
 + Level 12.0 Hexes
 + Level 12.0 Charms
 + Level 12.0 Summonings
 + Level 12.0 Necromancy
 + Level 12.0 Translocations
 + Level 12.0 Transmutations
 + Level 12.0 Fire Magic
 + Level 14.9 Ice Magic
 + Level 12.0 Air Magic
 + Level 12.0 Earth Magic
 + Level 12.0 Poison Magic
 + Level 15.1 Invocations
 + Level 14.0 Evocations


You had 3 spell levels left.
You knew the following spells:

 Your Spells              Type           Power        Failure   Level  Hunger
a - Mephitic Cloud        Conj/Pois/Air  #######.     1%          3    None
b - Blink                 Tloc           N/A          1%          2    None
c - Conjure Flame         Conj/Fire      #######.     1%          3    None
d - Inner Flame           Hex/Fire       #######.     1%          3    None
e - Ensorcelled Hibernat  Hex/Ice        ######       1%          2    None
f - Tukima's Dance        Hex            #######.     1%          3    None
g - Sticky Flame          Conj/Fire      #######.     1%          4    None
h - Fireball              Conj/Fire      #######...   1%          5    None
i - Regeneration          Chrm/Necr      #######...   1%          3    None
j - Shroud of Golubria    Chrm/Tloc      #######...   1%          2    None
k - Confusing Touch       Hex            ######       1%          1    None
l - Shadow Creatures      Summ           N/A          3%          6    None
m - Confuse               Hex            #######.     1%          3    None
n - Aura of Abjuration    Summ           #######...   1%          5    None

Your spell library contained the following spells:

 Spells                   Type           Power        Failure   Level  Hunger
 Animate Skeleton         Necr           N/A          1%          1    None
 Apportation              Tloc           ######       1%          1    None
 Corona                   Hex            #######      1%          1    None
 Flame Tongue             Conj/Fire      #####        1%          1    None
 Infusion                 Chrm           ####         1%          1    None
 Magic Dart               Conj           ####         1%          1    None
 Pain                     Necr           ####         1%          1    None
 Summon Small Mammal      Summ           ####         1%          1    None
 Call Imp                 Summ           #######.     1%          2    None
 Slow                     Hex            #######.     1%          2    None
 Song of Slaying          Chrm           #######.     1%          2    None
 Sublimation of Blood     Necr           #######...   1%          2    None
 Throw Flame              Conj/Fire      ######       1%          2    None
 Dazzling Spray           Conj/Hex       ######       1%          3    None
 Ignite Poison            Fire/Tmut/Pois #######.     1%          3    None
 Recall                   Summ/Tloc      N/A          1%          3    None
 Spectral Weapon          Hex/Chrm       #######.     1%          3    None
 Vampiric Draining        Necr           #######...   1%          3    None
 Animate Dead             Necr           N/A          1%          4    None
 Petrify                  Tmut/Erth      #######.     1%          4    None
 Alistair's Intoxication  Tmut/Pois      #######.     1%          5    None
 Bolt of Magma            Conj/Fire/Erth #######...   1%          5    None
 Borgnjor's Vile Clutch   Necr/Erth      #######...   1%          5    None
 Irradiate                Conj/Tmut      #######...   1%          5    None
 Iskenderun's Battlesphe  Conj/Chrm      #######.     1%          5    None
 Silence                  Hex/Air        #######...   1%          5    None
 Summon Demon             Summ           #######...   1%          5    None
 Summon Forest            Summ/Tloc      #######...   1%          5    None
 Summon Mana Viper        Hex/Summ       #######.     1%          5    None
 Venom Bolt               Conj/Pois      #######...   1%          5    None
 Darkness                 Hex            #######...   3%          6    None
 Iron Shot                Conj/Erth      #######...   3%          6    None
 Malign Gateway           Summ/Tloc      #######...   21%         7    ###....
 Monstrous Menagerie      Summ           #######...   21%         7    ###....
 Orb of Destruction       Conj           #######...   21%         7    ###....
 Spellforged Servitor     Conj/Summ      #######...   21%         7    ###....
 Summon Greater Demon     Summ           #######...   21%         7    ###....
 Summon Horrible Things   Summ           #######...   83%         8    #####..


Dungeon Overview and Level Annotations

Branches:
Dungeon (15/15)            Temple (1/1) D:4            Lair (6/6) D:8
 Shoals (4/4) Lair:3        Snake (4/4) Lair:3        Slime (1/5) Lair:6
    Orc (2/2) D:10            Elf (2/3) Orc:2        Vaults (3/5) D:13
  Crypt (0/3) Vaults:2     Depths (0/5) D:15

Altars:
Ashenzari
Cheibriados
Dithmenos
Elyvilon
Fedhas
Gozag
Hepliaklqana
Kikubaaqudgha
Makhleb
Nemelex Xobeh
Okawaru
Qazlal
Ru
Sif Muna
Trog
Uskayaw
Vehumet
Wu Jian
Xom
Yredelemnul
Zin
The Shining One
Jiyva

Shops:
D:5 }   D:10 *   Orc:1 **[   Orc:2 (}*?   Shoals:2 =   Shoals:4 [
Snake:2 }=}(   Snake:4 }[[:[   Vaults:1 :([

Portals:
Pandemonium: Orc:2


Innate Abilities, Weirdness & Mutations

Your experience applies equally to all skills.
You have very sharp teeth.
Your uncanny sense of smell can sniff out nearby items.


Message History

Okay, then.
Evoke which item? (* to show all) (? for menu, Esc to quit)
Okay, then.
Amnahuz casts a spell.
A great vortex of raging winds appears and lifts Amnahuz up!!
You block Amnahuz's attack.
As you read the scroll of teleportation, it crumbles to dust.
You feel strangely unstable.
You are feeling hungry.
The vortex of raging winds lifts you up.
You fly up into the air.
* * * LOW HITPOINT WARNING * * *
You block Amnahuz's attack.
Wield which item (- for none, * to show all)? (? for menu, Esc to quit)
Okay, then.
You feel better.
* * * LOW HITPOINT WARNING * * *
Amnahuz hits you but does no damage.
You feel better.
You die...

§≈##############################≈
###............................##
#...≈≈≈≈≈≈≈≈≈÷≈≈≈≈≈≈≈≈≈≈≈≈≈≈≈≈...
..≈≈≈####################≈≈≈≈≈≈≈.
≈≈≈≈≈################# ###≈≈≈≈≈≈
≈≈≈≈≈##§.#..#§§#.§#§.## ###≈≈≈≈
≈≈≈≈≈#§§§...§§§§§§§§§.# ##≈≈≈
≈≈≈≈≈#§.....§§§§§§§§§.# ∆∆∆ #≈≈≈
≈≈≈≈≈#§.....§§§@@§§§§.# ∆∆∆ ##≈≈
.....'.......§§§§§§§§.+ ∆∆∆ #≈≈
≈≈≈≈≈#.....§§§§§§§§§§.# ∆∆∆ ##≈≈
≈≈≈≈≈#§§..§§§§§§§§§§§.# ∆∆∆ #≈≈≈
≈≈≈≈≈#§§..§§§§§§§§§§§§ ##≈≈≈
≈≈≈≈≈##..#[§#§§#§.#§.# ###≈≈≈≈
≈≈≈≈≈############## ## ###≈≈≈≈≈≈
..≈≈≈####################≈≈≈≈≈≈≈.
#...≈≈≈≈≈≈≈≈≈≈≈≈≈≈≈≈≈≈≈≈≈≈≈≈≈≈...


You could see Amnahuz the Cloud Mage.

Vanquished Creatures
  Vashnia (Snake:4)
  Nikola (Snake:1)
  Jory (Vaults:3)
  2 liches
  Rupert (D:13)
  Polyphemus (Shoals:2)
  2 krakens
  4 nagarajas (Snake:4)
  Ilsuiw (Shoals:4)
  A fire giant (D:15)
  2 deep elf sorcerers
  Louise (D:14)
  4 vault wardens
  7 ironheart preservers
  2 stone giants (Vaults:2)
  4 very ugly things (Vaults:2)
  Nessos (D:14)
  3 deep elf annihilators
  2 deep elf demonologists
  2 spark wasps (WizLab)
  An ettin (Orc:1)
  2 deep elf death magi
  9 merfolk impalers
  Josephine (D:14)
  8 merfolk javelineers
  3 fire dragons
  6 yaktaur captains
  An ice dragon (Vaults:1)
  6 naga warriors
  2 rakshasas
  7 hydras
  A vault guard (Vaults:2)
  5 spriggan air magi (WizLab)
  2 ghost crabs (WizLab)
  An alligator snapping turtle (Shoals:4)
  4 merfolk aquamancers
  A death knight (D:15)
  11 centaur warriors
  5 anacondas
  7 ogre magi
  9 two-headed ogres
  5 merfolk avatars
  A catoblepas (Shoals:2)
  5 satyrs
  2 death yaks (Shoals:2)
  A deep troll earth mage (Vaults:2)
  A deep troll shaman (Vaults:2)
  15 naga sharpshooters
  Urug (D:13)
  7 orc high priests
  2 vampire magi (Vaults:2)
  9 shock serpents
  21 deep elf knights
  5 deep trolls (Vaults:2)
  5 salamander mystics
  19 sea snakes
  2 death drakes (WizLab)
  An infernal demonspawn (Orc:2)
  A shadow wraith (Vaults:3)
  5 unseen horrors
  2 shadow demons (Elf:1)
  4 skeletal warriors
  A wizard (Vaults:2)
  A tengu zombie (Vaults:1)
  15 deep elf archers
  26 harpies
  5 naga ritualists
  Pikel (D:6)
  4 necromancers
  2 ironbrand convokers (Vaults:1)
  2 phantasmal warriors
  6 orc knights
  11 mana vipers
  4 orc sorcerers (Orc:2)
  11 ugly things
  11 cyclopes
  7 salamanders
  An oklob plant (Lair:1)
  59 deep elf magi
  A salamander (shapeshifter) (D:15)
  16 manticores
  21 fauns
  3 elephants (Lair:3)
  5 water nymphs
  4 vault sentinels (Vaults:1)
  12 merfolk sirens
  19 black mambas
  4 centaur zombies
  An apocalypse crab (WizLab)
  Joseph (D:9)
  An ice statue (IceCv)
  12 naga magi
  5 guardian serpents
  2 gargoyles
  18 spiny frogs
  5 kobold demonologists
  6 rime drakes
  8 komodo dragons
  11 yaktaurs
  A human zombie (Vaults:1)
  A tengu conjurer (Vaults:2)
  A red devil (Orc:2)
  10 freezing wraiths (IceCv)
  7 trolls
  A yaktaur skeleton (Vaults:1)
  7 wind drakes
  23 merfolk
  A polar bear (Lair:6)
  Grinder (D:3)
  5 tyrant leeches (Lair:6)
  12 slime creatures
  11 blink frogs (Lair:6)
  An ettin zombie (Vaults:2)
  4 hornets
  12 hippogriffs
  A blink frog (shapeshifter) (Vaults:1)
  A meliai zombie (D:13)
  14 dream sheep
  9 snapping turtles
  13 air elementals
  24 dancing weapons
  13 water elementals
  A shadow (D:8)
  10 wyverns
  3 fire elementals (Elf:1)
  22 yaks
  A tarantella (shapeshifter) (Vaults:1)
  8 basilisks
  8 wraiths
  A chaos spawn (Orc:2)
  A yak (shapeshifter) (D:14)
  7 fire bats (Volcano)
  13 vampire mosquitoes
  A death yak simulacrum (IceCv)
  5 hungry ghosts
  16 humans (D:13)
  5 wargs
  A deep troll zombie (Vaults:2)
  25 nagas
  2 soldier ants
  2 acid dragons (Vaults:2)
  A hell hound (Lair:6)
  8 porcupines
  Duvessa (D:6)
  10 water moccasins
  2 black bears
  3 hornet zombies
  An ettin simulacrum (Vaults:1)
  34 orc warriors
  17 ice beasts
  A necrophage (D:9)
  2 eyes of draining
  18 ogres
  10 boggarts
  A phantom (D:10)
  4 wolves (Lair:4)
  18 centaurs
  11 crocodiles
  2 big kobolds
  26 bullfrogs
  A gnoll sergeant (Orc:1)
  Dowan (D:6)
  A wyvern skeleton (D:12)
  A scorpion (D:9)
  17 killer bees
  A swamp dragon simulacrum (IceCv)
  A human simulacrum (Vaults:2)
  2 elephant simulacra (IceCv)
  3 howler monkeys (D:7)
  2 wights (D:9)
  6 lava snakes (Volcano)
  An electric eel (Snake:2)
  9 crimson imps
  8 jellies
  2 bullfrog zombies
  4 draconian simulacra (IceCv)
  8 hounds
  28 orc wizards
  A quasit (D:6)
  30 orc priests
  A bullfrog skeleton (D:13)
  4 centaur skeletons
  3 iguanas
  Terence (D:3)
  A spriggan simulacrum (IceCv)
  3 troll simulacra (IceCv)
  3 yak simulacra (D:14)
  5 worker ants
  2 polar bear simulacra (D:14)
  3 wolf simulacra (D:14)
  3 centaur simulacra
  A hound skeleton (D:5)
  2 worker ant zombies
  11 gnolls
  A howler monkey skeleton (D:7)
  6 naga simulacra (IceCv)
  10 adders
  4 ogre simulacra (IceCv)
  3 shadow imps
  12 white imps (IceCv)
  3 oozes
  2 adder skeletons
  10 leopard geckos
  91 orcs
  2 giant cockroaches (D:2)
  5 goblins
  3 hobgoblins
  16 jackals
  8 quokkas
  3 ball pythons
  13 bats
  6 frilled lizards
  A jackal skeleton (D:4)
  12 kobolds
  A leopard gecko skeleton (D:6)
  A quokka zombie (D:9)
  10 rats
  3 river rat simulacra (D:14)
  4 plants
  3 tentacles (Shoals:1)
1449 creatures vanquished.

Vanquished Creatures (collateral kills)
  A tengu reaver (Vaults:2)
  A nagaraja (Snake:4)
  A vault warden (Vaults:2)
  A frost giant (Shoals:4)
  An orc warlord (Orc:2)
  An ironheart preserver (Vaults:2)
  2 merfolk javelineers
  3 merfolk impalers (Shoals:4)
  4 naga warriors (Snake:4)
  A vault guard (Vaults:2)
  An anaconda (Snake:4)
  2 merfolk avatars (Shoals:2)
  A merfolk aquamancer (Shoals:4)
  12 two-headed ogres
  2 satyrs
  A deep elf knight (Orc:2)
  2 naga sharpshooters (Snake:4)
  2 orc high priests
  A torturous demonspawn (Orc:2)
  A naga ritualist (Snake:4)
  A gelid demonspawn (Orc:2)
  A sea snake (Lair:3)
  2 harpies (Shoals:4)
  2 ironbrand convokers
  A deep elf archer (Elf:2)
  2 orc sorcerers (Orc:2)
  4 orc knights
  A faun (Lair:3)
  A mana viper (Snake:4)
  7 deep elf magi
  6 salamanders
  2 guardian serpents (Snake:4)
  3 vault sentinels
  2 black mambas (Snake:4)
  A centaur zombie (D:15)
  A water nymph (Shoals:4)
  7 merfolk sirens
  4 naga magi
  A yaktaur (Vaults:2)
  7 merfolk
  A troll (Orc:2)
  A wraith (D:15)
  A water elemental (Shoals:1)
  21 nagas
  5 ogres
  19 orc warriors
  2 centaurs (D:14)
  A boggart (D:14)
  An earth elemental (Elf:2)
  A wight (D:9)
  An orc priest (Orc:1)
  9 orcs
160 creatures vanquished.

Vanquished Creatures (others)
  2 blizzard demons (WizLab)
  An ogre mage (D:15)
  A shock serpent (WizLab)
  A deep elf knight (Elf:2)
  A death drake (WizLab)
  An unseen horror (D:13)
  A harpy (Shoals:4)
  A mana viper (Snake:4)
  35 dancing weapons
  A centaur (D:6)
  An orc wizard (Orc:1)
  An orc (D:15)
  2 bushes (Shoals:2)
  6 fungi (Lair:6)
  53 plants
  16 tentacles
124 creatures vanquished.

Grand Total: 1733 creatures vanquished

Notes
Turn   | Place    | Note
-------+----------+-------------------------------------------
     0 | D:1      | Name63 the Gnoll Wanderer began the quest for the Orb.
     0 | D:1      | Name63 set off with the following items: a +2 dagger, a
                  | scroll of fear, a +0 hand crossbow, 22 bolts, a potion of
                  | curing, a +0 robe, a ration
     0 | D:1      | Reached XP level 1. HP: 20/20 MP: 1/1
    50 | D:1      | Reached XP level 2. HP: 14/26 MP: 2/2
  1077 | D:2      | Reached XP level 3. HP: 31/31 MP: 3/3
  1595 | D:2      | Reached skill level 1 in Invocations
  1627 | D:2      | Found an opulent altar of Gozag.
  1809 | D:3      | Found a snail-covered altar of Cheibriados.
  1817 | D:3      | Became a worshipper of Cheibriados the Contemplative
  1871 | D:3      | Found an iron altar of Okawaru.
  1876 | D:3      | Reached skill level 1 in Short Blades
  1876 | D:3      | Reached skill level 1 in Long Blades
  1876 | D:3      | Reached skill level 1 in Axes
  1876 | D:3      | Reached skill level 1 in Maces & Flails
  1876 | D:3      | Reached skill level 1 in Polearms
  1876 | D:3      | Reached skill level 1 in Staves
  1876 | D:3      | Reached skill level 1 in Slings
  1876 | D:3      | Reached skill level 1 in Bows
  1876 | D:3      | Reached skill level 1 in Crossbows
  1876 | D:3      | Reached skill level 1 in Throwing
  1876 | D:3      | Reached skill level 1 in Unarmed Combat
  1876 | D:3      | Reached skill level 1 in Spellcasting
  1876 | D:3      | Reached skill level 1 in Evocations
  1916 | D:3      | Noticed Grinder
  1925 | D:3      | Paralysed by Grinder for 3 turns
  1947 | D:3      | Killed Grinder
  1947 | D:3      | Reached skill level 1 in Conjurations
  1947 | D:3      | Reached skill level 1 in Hexes
  1947 | D:3      | Reached skill level 1 in Charms
  1947 | D:3      | Reached skill level 1 in Summonings
  1947 | D:3      | Reached skill level 1 in Necromancy
  1947 | D:3      | Reached skill level 1 in Translocations
  1947 | D:3      | Reached skill level 1 in Transmutations
  1947 | D:3      | Reached skill level 1 in Fire Magic
  1947 | D:3      | Reached skill level 1 in Ice Magic
  1947 | D:3      | Reached skill level 1 in Air Magic
  1947 | D:3      | Reached skill level 1 in Earth Magic
  1947 | D:3      | Reached skill level 1 in Poison Magic
  1947 | D:3      | Reached XP level 4. HP: 38/38 MP: 4/6
  1947 | D:3      | Reached XP level 5. HP: 43/43 MP: 4/7
  1947 | D:3      | Reached XP level 6. HP: 50/50 MP: 4/8
  2225 | D:3      | Noticed Terence
  2246 | D:3      | Killed Terence
  2466 | D:3      | Reached * piety under Cheibriados
  2520 | D:3      | Found a bloodstained altar of Trog.
  2522 | D:3      | Found an ornate altar of the Wu Jian Council.
  2623 | D:4      | Reached skill level 5 in Fighting
  2744 | D:4      | Reached XP level 7. HP: 55/56 MP: 10/10
  3145 | D:4      | Found a staircase to the Ecumenical Temple.
  3151 | Temple   | Entered the Ecumenical Temple
  3571 | D:5      | Entered Level 5 of the Dungeon
  3915 | D:5      | Got an ancient cloak
  3928 | D:5      | Identified the +2 cloak of Snakes and Ladders {rPois rCorr
                  | Dex+2} (You found it on level 5 of the Dungeon)
  3939 | D:5      | Reached ** piety under Cheibriados
  3948 | D:5      | Found Duxini Nimu's Gadget Emporium.
  3957 | D:5      | Reached skill level 5 in Stealth
  4021 | D:5      | Found a glowing silver altar of Zin.
  4177 | D:5      | Reached XP level 8. HP: 63/63 MP: 12/12
  4252 | D:5      | Learned a level 3 spell: Mephitic Cloud
  4256 | D:5      | Learned a level 3 spell: Inner Flame
  4260 | D:5      | Learned a level 3 spell: Conjure Flame
  4263 | D:5      | Learned a level 2 spell: Blink
  4390 | D:6      | Noticed Duvessa
  4400 | D:6      | Noticed Dowan
  4407 | D:6      | Killed Dowan
  4440 | D:6      | Killed Duvessa
  4447 | D:6      | Got a fine whip
  4454 | D:6      | Identified the +6 whip of Insufficient Pleasure {freeze,
                  | rC++ Stlth+} (You found it on level 6 of the Dungeon)
  4572 | D:6      | Noticed a two-headed ogre
  4577 | D:6      | Noticed Pikel
  4592 | D:6      | Killed a two-headed ogre
  4592 | D:6      | Reached XP level 9. HP: 69/69 MP: 9/14
  4615 | D:6      | Killed Pikel
  4615 | D:6      | Reached skill level 5 in Dodging
  4615 | D:6      | Reached skill level 5 in Shields
  4620 | D:6      | Found a shadowy altar of Dithmenos.
  4673 | D:6      | Learned a level 2 spell: Ensorcelled Hibernation
  4677 | D:6      | Learned a level 3 spell: Tukima's Dance
  4936 | D:6      | Reached *** piety under Cheibriados
  5446 | D:7      | Reached skill level 5 in Invocations
  5709 | D:7      | Found a burning altar of Makhleb.
  5865 | D:8      | Reached XP level 10. HP: 56/77 MP: 13/17
  6454 | D:8      | Found a staircase to the Lair.
  6642 | D:9      | Reached **** piety under Cheibriados
  6705 | D:9      | Reached skill level 5 in Short Blades
  6705 | D:9      | Reached skill level 5 in Long Blades
  6705 | D:9      | Reached skill level 5 in Axes
  6705 | D:9      | Reached skill level 5 in Maces & Flails
  6705 | D:9      | Reached skill level 5 in Polearms
  6705 | D:9      | Reached skill level 5 in Staves
  6705 | D:9      | Reached skill level 5 in Slings
  6705 | D:9      | Reached skill level 5 in Bows
  6705 | D:9      | Reached skill level 5 in Crossbows
  6705 | D:9      | Reached skill level 5 in Throwing
  6705 | D:9      | Reached skill level 5 in Unarmed Combat
  6705 | D:9      | Reached skill level 5 in Spellcasting
  6705 | D:9      | Reached skill level 5 in Evocations
  7096 | D:9      | Reached skill level 10 in Armour
  7182 | D:9      | Found a sacrificial altar of Ru.
  7470 | D:9      | Noticed Joseph
  7492 | D:9      | Killed Joseph
  7505 | D:9      | Reached ***** piety under Cheibriados
  7529 | D:9      | Found an ancient bone altar of Kikubaaqudgha.
  7887 | D:10     | Entered Level 10 of the Dungeon
  8147 | D:10     | Found Oluwud's General Store.
  8150 | D:10     | Found a staircase to the Orcish Mines.
  8176 | D:10     | Reached XP level 11. HP: 77/84 MP: 19/19
  8196 | D:10     | You fall through a shaft for 3 floors!
  8197 | D:13     | Noticed a deep elf mage
  8197 | D:13     | Noticed a white ugly thing
  8210 | D:13     | Killed a deep elf mage
  8220 | D:13     | Killed a white ugly thing
  8345 | D:13     | Noticed a cyclops
  8397 | D:13     | Reached skill level 5 in Conjurations
  8397 | D:13     | Reached skill level 5 in Hexes
  8397 | D:13     | Reached skill level 5 in Charms
  8397 | D:13     | Reached skill level 5 in Summonings
  8397 | D:13     | Reached skill level 5 in Necromancy
  8397 | D:13     | Reached skill level 5 in Translocations
  8397 | D:13     | Reached skill level 5 in Transmutations
  8397 | D:13     | Reached skill level 5 in Fire Magic
  8397 | D:13     | Reached skill level 5 in Ice Magic
  8397 | D:13     | Reached skill level 5 in Air Magic
  8397 | D:13     | Reached skill level 5 in Earth Magic
  8397 | D:13     | Reached skill level 5 in Poison Magic
  8405 | D:13     | Killed a cyclops
  8489 | D:13     | Noticed a two-headed ogre
  8497 | D:13     | Killed a two-headed ogre
  8541 | D:13     | Noticed Urug
  8546 | D:13     | Killed Urug
  8562 | D:13     | Got a dazzling trident
  8563 | D:13     | Identified the +4 trident of Wisdom {holy, Dex+4} (You
                  | found it on level 13 of the Dungeon)
  8774 | D:13     | Noticed a manticore
  8790 | D:13     | Killed a manticore
  8957 | D:13     | Noticed a centaur warrior
  8958 | D:13     | Noticed Rupert
  8961 | D:13     | Killed an unseen horror
  8985 | D:13     | Killed Rupert
  8985 | D:13     | Reached XP level 12. HP: 40/94 MP: 3/22
  8988 | D:13     | Killed a centaur warrior
  9035 | D:13     | Reached ****** piety under Cheibriados
  9223 | D:13     | Found a gate to the Vaults.
  9627 | D:12     | Learned a level 4 spell: Sticky Flame
  9633 | D:12     | Learned a level 5 spell: Fireball
  9820 | D:12     | Noticed a two-headed ogre
  9843 | D:12     | Killed a two-headed ogre
 10463 | D:12     | Reached XP level 13. HP: 64/101 MP: 16/24
 12271 | Lair:1   | Entered Level 1 of the Lair of Beasts
 12740 | Lair:1   | Learned a level 3 spell: Regeneration
 14533 | Lair:3   | Found a staircase to the Snake Pit.
 14639 | Lair:3   | Got a twisted rapier
 14649 | Lair:3   | Found a frozen archway.
 14686 | IceCv    | Entered an ice cave
 14729 | IceCv    | Identified the +3 rapier of Terror {holy, SInv} (You found
                  | it on level 3 of the Lair of Beasts)
 14911 | IceCv    | Reached XP level 14. HP: 109/109 MP: 26/26
 14998 | IceCv    | Found an ancient bone altar of Kikubaaqudgha.
 15361 | Lair:3   | Found a staircase to the Shoals.
 15438 | Lair:3   | Reached skill level 10 in Fighting
 17098 | Lair:5   | Reached skill level 10 in Stealth
 17105 | Lair:5   | Learned a level 2 spell: Shroud of Golubria
 17115 | Lair:5   | Found the +9 heavy crossbow "Sniper" {velocity, Acc+∞ SInv}
 17890 | Lair:6   | Entered Level 6 of the Lair of Beasts
 18019 | Lair:5   | Reached skill level 10 in Invocations
 18502 | Lair:6   | Got an encrusted hat
 18526 | Lair:6   | Identified the +2 hat of the Tuna {rPois MR+} (You found it
                  | on level 6 of the Lair of Beasts)
 19819 | Lair:6   | Reached XP level 15. HP: 117/117 MP: 28/28
 19967 | Lair:6   | Found a runed translucent door.
 19968 | Lair:6   | Found a viscous altar of Jiyva.
 19984 | Lair:6   | Found a staircase to the Slime Pits.
 20294 | Lair:6   | Reached skill level 10 in Dodging
 20294 | Lair:6   | Reached skill level 10 in Shields
 20790 | Orc:1    | Entered Level 1 of the Orcish Mines
 20930 | Orc:1    | Found Rynawk's Assorted Antiques.
 21010 | Orc:1    | Found Xacualo's Assorted Antiques.
 21137 | Orc:1    | Found Xaotaol's Armour Shop.
 21388 | Orc:2    | Entered Level 2 of the Orcish Mines
 21656 | Orc:2    | Found a staircase to the Elven Halls.
 21769 | Orc:2    | Found a dark tunnel.
 21777 | Volcano  | Entered a volcano
 22390 | Orc:2    | Noticed an orc warlord
 22408 | Orc:2    | Killed an orc warlord
 23006 | Orc:2    | Found Xidacia's Magic Scroll Shop.
 23194 | Orc:2    | Found Qungo's General Store.
 23558 | Orc:2    | Reached skill level 10 in Short Blades
 23558 | Orc:2    | Reached skill level 10 in Long Blades
 23558 | Orc:2    | Reached skill level 10 in Axes
 23558 | Orc:2    | Reached skill level 10 in Maces & Flails
 23558 | Orc:2    | Reached skill level 10 in Polearms
 23558 | Orc:2    | Reached skill level 10 in Staves
 23558 | Orc:2    | Reached skill level 10 in Slings
 23558 | Orc:2    | Reached skill level 10 in Bows
 23558 | Orc:2    | Reached skill level 10 in Crossbows
 23558 | Orc:2    | Reached skill level 10 in Throwing
 23558 | Orc:2    | Reached skill level 10 in Unarmed Combat
 23558 | Orc:2    | Reached skill level 10 in Spellcasting
 23558 | Orc:2    | Reached skill level 10 in Evocations
 23838 | Orc:2    | Found Sipho's Antique Weapon Shoppe.
 23838 | Orc:2    | Found a one-way gate leading to the halls of Pandemonium.
 23838 | Orc:2    | Found Nyrewk's Gadget Emporium.
 24290 | D:14     | Noticed Louise
 24294 | D:14     | Killed Louise
 24419 | D:14     | Noticed Nessos
 24429 | D:14     | Killed Nessos
 24573 | D:14     | Noticed Josephine
 24598 | D:14     | Killed Josephine
 24995 | D:14     | Reached XP level 16. HP: 119/125 MP: 30/30
 25279 | D:15     | Entered Level 15 of the Dungeon
 25535 | D:15     | Reached skill level 10 in Ice Magic
 25646 | D:15     | Found a staircase to the Depths.
 25676 | D:15     | Got a fine robe
 25708 | D:15     | Identified the +1 robe of Dijausse {Str+2} (You found it on
                  | level 15 of the Dungeon)
 27335 | Snake:1  | Entered Level 1 of the Snake Pit
 27600 | Snake:1  | Noticed Nikola
 27626 | Snake:1  | Killed Nikola
 28951 | Snake:2  | Found Peublul's Antique Weapon Shoppe.
 29304 | Snake:2  | Got a spiked helmet
 29316 | Snake:2  | Identified the +2 helmet of Yrengae {rC+ rN+} (You found it
                  | on level 2 of the Snake Pit)
 29347 | Snake:2  | Found Lauliufe's Gadget Shoppe.
 29347 | Snake:2  | Found Ligorhaisk's Jewellery Boutique.
 29348 | Snake:2  | Found Diufon's Gadget Shoppe.
 29552 | Snake:2  | Identified a scroll of acquirement
 30176 | Snake:3  | Reached XP level 17. HP: 133/133 MP: 32/32
 30855 | Snake:3  | Got a heavily runed plate armour
 31086 | Snake:3  | Identified the cursed +0 plate armour "Bewautum" {*Corrode
                  | rF+ SInv Stlth+} (You found it on level 3 of the Snake Pit)
 31326 | Shoals:1 | Entered Level 1 of the Shoals
 31642 | Shoals:1 | Identified the +0 broad axe "Hiuwnec" {chop, Fragile +Rage
                  | rF+ rC+++}
 31975 | Shoals:1 | Noticed a kraken
 32772 | Shoals:1 | Killed a kraken
 33307 | Shoals:1 | Got a transparent ring mail
 33318 | Shoals:1 | Identified the +1 ring mail "Woeqiemp" {SInv} (You found it
                  | on level 1 of the Shoals)
 33641 | Shoals:2 | Found Ereax's Jewellery Shop.
 33743 | Shoals:2 | Noticed Polyphemus
 34447 | Shoals:2 | Killed Polyphemus
 35367 | Shoals:3 | Reached skill level 10 in Conjurations
 35367 | Shoals:3 | Reached skill level 10 in Hexes
 35367 | Shoals:3 | Reached skill level 10 in Charms
 35367 | Shoals:3 | Reached skill level 10 in Summonings
 35367 | Shoals:3 | Reached skill level 10 in Necromancy
 35367 | Shoals:3 | Reached skill level 10 in Translocations
 35367 | Shoals:3 | Reached skill level 10 in Transmutations
 35367 | Shoals:3 | Reached skill level 10 in Fire Magic
 35367 | Shoals:3 | Reached skill level 10 in Air Magic
 35367 | Shoals:3 | Reached skill level 10 in Earth Magic
 35367 | Shoals:3 | Reached skill level 10 in Poison Magic
 35456 | Shoals:3 | Reached XP level 18. HP: 97/141 MP: 16/33
 36658 | Elf:1    | Entered Level 1 of the Elven Halls
 38037 | Elf:1    | Found a deep blue altar of Sif Muna.
 38120 | Elf:1    | Identified the amulet "Rokkoula" {RegenMP rElec rF+ Int+4}
 38176 | Elf:1    | Learned a level 1 spell: Confusing Touch
 38183 | Elf:1    | Learned a level 6 spell: Shadow Creatures
 38187 | Elf:1    | Learned a level 3 spell: Confuse
 39784 | Elf:2    | Reached XP level 19. HP: 131/149 MP: 35/35
 39854 | Elf:2    | Found a runed translucent gate.
 39854 | Elf:2    | Found a runed translucent gate.
 39856 | Elf:2    | Found a runed translucent gate.
 41272 | Slime:1  | Entered Level 1 of the Pits of Slime
 41378 | Snake:4  | Entered Level 4 of the Snake Pit
 41577 | Snake:4  | Found Fyvefy's Antique Armour Shop.
 41606 | Snake:4  | Found Kowapat's Book Shop.
 41606 | Snake:4  | Found Qigeohio's Gadget Boutique.
 41699 | Snake:4  | Found Irphonomo's Antique Armour Boutique.
 42256 | Snake:4  | Found Fumiedan's Antique Armour Shop.
 43290 | Snake:4  | Noticed Vashnia
 43298 | Snake:4  | HP: 2/150 [naga warrior/+0 dire flail (6)]
 43986 | Snake:4  | Killed Vashnia
 44211 | Snake:4  | Got a serpentine rune of Zot
 44313 | Snake:4  | Found Irphonomo's Antique Armour Boutique.
 44314 | Snake:4  | Found Kowapat's Book Shop.
 44314 | Snake:4  | Found Qigeohio's Gadget Boutique.
 44317 | Snake:4  | Found Fyvefy's Antique Armour Shop.
 44325 | Snake:4  | Found Fumiedan's Antique Armour Shop.
 44980 | Shoals:4 | Entered Level 4 of the Shoals
 44980 | Shoals:4 | Noticed Ilsuiw
 45023 | Shoals:4 | Found Jeaseciff's Armour Boutique.
 45438 | Shoals:4 | Reached XP level 20. HP: 152/157 MP: 36/36
 45464 | Shoals:4 | Reached skill level 15 in Armour
 47155 | Shoals:4 | Got a barnacled rune of Zot
 47404 | Shoals:4 | Learned a level 5 spell: Aura of Abjuration
 47525 | Shoals:4 | Killed Ilsuiw
 48072 | Vaults:1 | Entered Level 1 of the Vaults
 48479 | Vaults:1 | Found Qatwux's Antique Weapon Shop.
 48482 | Vaults:1 | Found Geozawul's Book Boutique.
 48559 | Vaults:1 | Found Bosu Ewi's Antique Armour Emporium.
 49749 | Vaults:2 | Reached XP level 21. HP: 153/165 MP: 38/38
 50087 | Vaults:2 | Identified the cursed +0 robe of the Suburbs {MP+9}
 50155 | Vaults:2 | Found a radiant altar of Vehumet.
 50164 | Vaults:2 | Got a twisted robe
 50180 | Vaults:2 | Identified the cursed +1 robe "Qute" {-Tele rPois Str+2}
                  | (You found it on level 2 of the Vaults)
 50181 | Vaults:2 | Identified the +2 hat of Biympoen {*Slow Str-3 Dex+5} (You
                  | found it on level 2 of the Vaults)
 50183 | Vaults:2 | Got a spiked hat
 50194 | Vaults:2 | Identified the cursed +0 hat "Quppanla" {rN+} (You found it
                  | on level 2 of the Vaults)
 51834 | Vaults:2 | Found a staircase to the Crypt.
 52107 | Vaults:3 | Noticed Jory
 52124 | Vaults:3 | Killed Jory
 52162 | Vaults:3 | Reached skill level 15 in Invocations
 52215 | Vaults:3 | Found a magical portal.
 52246 | WizLab   | Entered The Chambers of the Cloud Mage
 52858 | WizLab   | Killed from afar by Amnahuz the Cloud Mage

Skill      XL: |  1  2  3  4  5  6  7  8  9 10 11 12 13 14 15 16 17 18 19 20 21 |
---------------+----------------------------------------------------------------+-----
Invocations    | 2 3 4 5 6 7 8 9 10 11 12 13 14 15 | 15.1
Short Blades   | 1 2 3 4 5 6 7 8 9 10 11 12 13 14 | 14.0
Long Blades    | 1 2 3 4 5 6 7 8 9 10 11 12 13 14 | 14.0
Axes           | 1 2 3 4 5 6 7 8 9 10 11 12 13 14 | 14.0
Maces & Flails | 1 2 3 4 5 6 7 8 9 10 11 12 13 14 | 14.0
Polearms       | 1 2 3 4 5 6 7 8 9 10 11 12 13 14 | 14.0
Staves         | 1 2 3 4 5 6 7 8 9 10 11 12 13 14 | 14.0
Slings         | 1 2 3 4 5 6 7 8 9 10 11 12 13 14 | 14.0
Bows           | 1 2 3 4 5 6 7 8 9 10 11 12 13 14 | 14.0
Crossbows      | 1 2 3 4 5 6 7 8 9 10 11 12 13 14 | 14.0
Throwing       | 1 2 3 4 5 6 7 8 9 10 11 12 13 14 | 14.0
Unarmed Combat | 1 2 3 4 5 6 7 8 9 10 11 12 13 14 | 14.0
Spellcasting   | 1 2 3 4 5 6 7 8 9 10 11 12 13 14 | 14.0
Evocations     | 1 2 3 4 5 6 7 8 9 10 11 12 13 14 | 14.0
Dodging        | 3 4 5 6 7 8 9 10 11 12 13 14 | 14.2
Shields        | 3 4 5 6 7 8 9 10 11 12 13 14 | 14.2
Conjurations   | 1 2 3 4 5 6 7 8 9 10 11 12 | 12.0
Hexes          | 1 2 3 4 5 6 7 8 9 10 11 12 | 12.0
Charms         | 1 2 3 4 5 6 7 8 9 10 11 12 | 12.0
Summonings     | 1 2 3 4 5 6 7 8 9 10 11 12 | 12.0
Necromancy     | 1 2 3 4 5 6 7 8 9 10 11 12 | 12.0
Translocations | 1 2 3 4 5 6 7 8 9 10 11 12 | 12.0
Transmutations | 1 2 3 4 5 6 7 8 9 10 11 12 | 12.0
Fire Magic     | 1 2 3 4 5 6 7 8 9 10 11 12 | 12.0
Ice Magic      | 1 2 3 4 5 6 7 8 9 10 11 12 13 14 | 14.9
Air Magic      | 1 2 3 4 5 6 7 8 9 10 11 12 | 12.0
Earth Magic    | 1 2 3 4 5 6 7 8 9 10 11 12 | 12.0
Poison Magic   | 1 2 3 4 5 6 7 8 9 10 11 12 | 12.0
Fighting       | 5 6 7 8 9 10 11 12 13 14 | 14.6
Armour         | 9 10 11 12 13 14 15 | 15.8
Stealth        | 5 6 7 8 9 10 11 12 13 14 | 14.5

Action                   |  1- 3 |  4- 6 |  7- 9 | 10-12 | 13-15 | 16-18 | 19-21 || total
-------------------------+-------+-------+-------+-------+-------+-------+-------++-------
Melee: Dagger            |    54 |     4 |    27 |    82 |   121 |   114 |   138 ||   540
       Bite              |    12 |     7 |    48 |   111 |   341 |   326 |   386 ||  1231
       Whip              |   111 |       |   124 |   306 |  1033 |  1062 |   840 ||  3476
       Spear             |    33 |    76 |   114 |    18 |       |       |       ||   241
       Punch             |       |       |     8 |     3 |       |    19 |    38 ||    68
       War axe           |       |       |       |    17 |    16 |    13 |       ||    46
       Trident           |       |       |       |    48 |   356 |   207 |    84 ||   695
       Morningstar       |       |       |       |    18 |       |       |       ||    18
       Demon trident     |       |       |       |       |       |       |   590 ||   590
 Fire: Hand crossbow     |     1 |       |       |       |       |       |       ||     1
       Hunting sling     |       |       |    28 |       |       |       |       ||    28
       Fustibalus        |       |       |       |    60 |   160 |   279 |   140 ||   639
       Blowgun           |       |       |       |       |    37 |       |       ||    37
       Heavy crossbow    |       |       |       |       |       |    28 |    55 ||    83
Throw: Stone             |       |       |       |     2 |       |       |       ||     2
       Tomahawk          |       |       |       |     4 |     1 |       |     8 ||    13
       Throwing net      |       |       |       |       |       |       |     2 ||     2
       Javelin           |       |       |       |       |       |       |     1 ||     1
 Cast: Mephitic Cloud    |       |       |     1 |     4 |     2 |    20 |     6 ||    33
       Blink             |       |       |     1 |    10 |     5 |     5 |       ||    21
       Conjure Flame     |       |       |     1 |     8 |     3 |       |       ||    12
       Tukima's Dance    |       |       |     5 |     9 |    67 |   107 |   114 ||   302
       Inner Flame       |       |       |     1 |     5 |     3 |       |       ||     9
       Ensorcelled Hiber |       |       |       |    29 |    80 |    29 |     8 ||   146
       Fireball          |       |       |       |     1 |    18 |    24 |    14 ||    57
       Sticky Flame      |       |       |       |     1 |       |     3 |     3 ||     7
       Shroud of Golubri |       |       |       |       |     7 |     6 |    16 ||    29
       Regeneration      |       |       |       |       |     4 |    15 |    36 ||    55
       Shadow Creatures  |       |       |       |       |       |     3 |    13 ||    16
       Confusing Touch   |       |       |       |       |       |     1 |    15 ||    16
       Confuse           |       |       |       |       |       |       |     6 ||     6
       Aura of Abjuratio |       |       |       |       |       |       |     1 ||     1
Invok: Slouch            |       |       |       |     1 |     5 |     9 |    12 ||    27
       Step From Time    |       |       |       |       |       |     3 |     1 ||     4
       Temporal Distorti |       |       |       |       |       |       |     1 ||     1
Evoke: Box of beasts     |       |       |       |       |       |     3 |       ||     3
       Wand              |       |       |       |       |       |     1 |     2 ||     3
       Phial of floods   |       |       |       |       |       |     1 |       ||     1
  Use: Scroll            |     4 |     3 |     5 |     9 |    17 |     5 |    10 ||    53
       Potion            |     1 |       |       |     1 |     4 |     2 |     3 ||    11
 Stab: Sleeping          |     7 |     4 |    13 |    37 |    87 |    43 |    35 ||   226
       Confused          |       |       |     7 |       |     2 |    32 |    32 ||    73
       Distracted        |       |       |     1 |     3 |     4 |     8 |    18 ||    34
  Eat: Chunk             |     4 |     2 |     5 |    10 |    27 |    28 |    21 ||    97
       Ration            |       |       |       |       |     1 |     1 |     2 ||     4
Armor: Robe              |     6 |    23 |    60 |    84 |    58 |       |       ||   231
       Chain mail        |   107 |     2 |       |       |       |       |    78 ||   187
       Skin              |     5 |       |       |       |       |       |       ||     5
       Scale mail        |       |     7 |       |       |       |       |       ||     7
       Ring mail         |       |       |       |       |   144 |   227 |   152 ||   523
       Leather armour    |       |       |       |       |    16 |       |       ||    16
Dodge: Dodged            |    88 |    56 |   179 |   385 |  1009 |  1124 |  1039 ||  3880
       Deflected         |       |       |       |       |     4 |    80 |   104 ||   188
Block: Buckler           |       |       |       |   153 |   609 |   520 |   569 ||  1851
